 Dungeon Crawl Stone Soup version 0.26-a0-362-g1d9a9cd4fa (webtiles) character file.

Game seed: 7419249354731124203

1511 KristoblXynda the Ruffian (level 8, -1/81 HPs)
             Began as a Troll Monk on July 18, 2020.
             Slain by a gnoll sergeant
             ... wielding a +2 vampiric trident
              (7 damage)
             ... on level 7 of the Dungeon.
             The game lasted 00:08:25 (5353 turns).

KristoblXynda the Ruffian (Troll Monk)              Turns: 5353, Time: 00:08:25

Health: -1/81      AC:  8    Str: 20    XL:     8   Next: 53%
Magic:  0/7        EV: 13    Int:  8    God:
Gold:   374        SH:  0    Dex: 18    Spells: 7/7 levels left

rFire    . . .     SeeInvis .     - Unarmed
rCold    . . .     Faith    .   (no shield)
rNeg     . . .     Spirit   +   a - +0 robe
rPois    +         Reflect  .   (helmet restricted)
rElec    .         Harm     .   w - +1 cloak
rCorr    .                      (gloves unavailable)
MR       .....                  (boots unavailable)
Stlth    ++........             q - amulet of guardian spirit
HPRegen  0.63/turn              e - ring of poison resistance
MPRegen  0.10/turn              r - +6 ring of dexterity

@: berserk cooldown, slowed, very slow
A: large, unfitting armour, claws 3, regeneration 1, shaggy fur 1, tough skin 3
a: no special abilities


You were on level 7 of the Dungeon.
You visited 2 branches of the dungeon, and saw 8 of its levels.

You collected 374 gold pieces.

Inventory:

Armour
 a - a +0 robe (worn)
 w - a +1 cloak (worn)
Magical Staves
 C - an uncursed staff of wizardry
Jewellery
 e - a ring of poison resistance (left claw)
 i - an uncursed amulet of magic regeneration
 p - an uncursed ring of ice
 q - an amulet of guardian spirit (around neck)
 r - a +6 ring of dexterity (right claw)
 y - an uncursed ring of resist corrosion
Wands
 m - a wand of random effects (11)
 v - a wand of clouds (3)
 B - a wand of iceblast (9)
Scrolls
 b - 3 scrolls of identify
 d - 2 scrolls of magic mapping {unknown}
 h - a scroll of noise {unknown}
 j - 4 scrolls of remove curse {unknown}
 l - 4 scrolls of teleportation {unknown}
 n - a scroll of enchant armour {unknown}
 s - a scroll of blinking {unknown}
 t - 2 scrolls of fear {unknown}
Potions
 c - 2 potions of brilliance
 f - 3 potions of might
 g - a potion of mutation
 k - a potion of cancellation
 x - a potion of curing
 z - a potion of haste
 A - a potion of lignification


   Skills:
 - Level 5.4 Fighting
 + Level 5.6 Dodging
 - Level 1.0 Stealth
 + Level 6.9 Unarmed Combat
 + Level 1.1 Evocations


You had 7 spell levels left.
You didn't know any spells.
Your spell library contained the following spells:

 Spells                   Type           Power        Failure   Level
 Confusing Touch          Hex            #.......     78%         3
 Gell's Gravitas          Tloc           #.........   78%         3
 Petrify                  Tmut/Erth      #.......     99%         4
 Metabolic Englaciation   Hex/Ice        #.........   100%        5
 Yara's Violent Unravell  Hex/Tmut       #.........   100%        5


Dungeon Overview and Level Annotations

Branches:
Dungeon (7/15)             Temple (1/1) D:5

Altars:
Ashenzari
Dithmenos
Elyvilon
Fedhas
Gozag
Hepliaklqana
Makhleb
Nemelex Xobeh
Okawaru
Qazlal
Ru
Sif Muna
Uskayaw
Vehumet
Wu Jian
Xom
Yredelemnul
Zin
The Shining One


Innate Abilities, Weirdness & Mutations

You are too large for most types of armour.
You have claws for hands.
Your natural rate of healing is unusually fast.
You are covered in fur. (AC +1)
You have extremely tough skin. (AC +3)


Message History

Your Evocations skill increases to level 1!
The gnoll sergeant hits you from afar with a +2 vampiric trident.
* * * LOW HITPOINT WARNING * * *
The gnoll sergeant draws strength from your wounds!
You feel a strong urge to attack something.
You feel your anger nearly subside.
You are no longer berserk.
You are exhausted.
You feel yourself slow down.
You open the door.
Found a stone staircase leading up.
The gnoll sergeant barely misses you.
There is an open door here.
The gnoll sergeant hits you from afar with a +2 vampiric trident.
* * * LOW HITPOINT WARNING * * *
The gnoll sergeant draws strength from your wounds!
The gnoll sergeant closely misses you.
There is a stone staircase leading up here.
The gnoll sergeant hits you from afar with a +2 vampiric trident!
You die...

#.........#....#
#...
#.........#....#
#...
#.........#....#
#...
#####g#####....#
#... #'###
###### ####
#g..# #gg.#
#...# #@.## ####


You could see a gnoll sergeant and 3 gnolls.

Vanquished Creatures
  An ice beast (D:6)
  The ghost of chipmonk the Shield-Bearer, an amateur PaFi (D:3)
  2 ogres (D:7)
  A big kobold (D:7)
  Blork the orc (D:4)
  4 bullfrogs (D:7)
  A scorpion (D:7)
  2 quasits (D:3)
  Crazy Yiuf (D:4)
  2 orc priests (D:7)
  An orc wizard (D:6)
  4 worker ants
  Natasha (thrice) (D:2)
  Ijyb (D:5)
  Robin (D:4)
  2 gnolls
  14 adders
  2 white imps (D:5)
  An ufetubus (D:6)
  4 oozes (D:1)
  An adder skeleton (D:5)
  5 worms
  5 leopard geckos
  24 orcs
  2 ball pythons
  8 bats
  8 giant cockroaches
  15 goblins
  3 hobgoblins
  10 jackals
  3 quokkas
  4 frilled lizards
  12 kobolds
  16 rats
165 creatures vanquished.

Notes
Turn   | Place    | Note
-------+----------+-------------------------------------------
     0 | D:1      | KristoblXynda the Troll Monk began the quest for the Orb.
     0 | D:1      | Reached XP level 1. HP: 22/22 MP: 0/0
     1 | D:1      | Found a runed translucent door.
    38 | D:1      | Reached XP level 2. HP: 29/29 MP: 1/1
   429 | D:1      | Reached XP level 3. HP: 28/36 MP: 2/2
   855 | D:1      | Reached XP level 4. HP: 45/45 MP: 3/3
   928 | D:2      | Noticed Natasha
   935 | D:2      | Killed Natasha
   935 | D:2      | Reached skill level 4 in Unarmed Combat
  1046 | D:2      | Noticed Natasha
  1053 | D:2      | Killed Natasha
  1053 | D:2      | Reached XP level 5. HP: 47/53 MP: 4/4
  1085 | D:2      | Noticed Natasha
  1092 | D:2      | Killed Natasha
  1742 | D:3      | Found a transporter.
  1755 | D:3      | Noticed chipmonk's ghost (amateur PaFi)
  2138 | D:3      | Reached XP level 6. HP: 54/62 MP: 5/5
  2196 | D:3      | Found a transporter.
  2362 | D:3      | Killed chipmonk's ghost
  2362 | D:3      | Reached skill level 5 in Unarmed Combat
  2680 | D:4      | Noticed Robin
  2706 | D:4      | Killed Robin
  2768 | D:4      | Noticed Blork the orc
  2778 | D:4      | Killed Blork the orc
  2778 | D:4      | Reached XP level 7. HP: 68/70 MP: 6/6
  2824 | D:4      | Found a blossoming altar of Fedhas.
  3007 | D:4      | Found a runed translucent door.
  3008 | D:4      | Noticed Crazy Yiuf
  3014 | D:4      | Killed Crazy Yiuf
  3168 | D:5      | Entered Level 5 of the Dungeon
  3173 | D:5      | Found a sparkling altar of Nemelex Xobeh.
  3183 | D:5      | Found a hazy altar of Hepliaklqana.
  3192 | D:5      | Found a sacrificial altar of Ru.
  3286 | D:5      | Noticed Ijyb
  3295 | D:5      | Killed Ijyb
  3465 | D:5      | Found a staircase to the Ecumenical Temple.
  3522 | Temple   | Entered the Ecumenical Temple
  3824 | D:5      | Found a burning altar of Makhleb.
  3825 | D:5      | Found a shattered altar of Ashenzari.
  4185 | D:6      | Found a stormy altar of Qazlal.
  4187 | D:6      | Noticed a water elemental
  4188 | D:6      | Noticed an air elemental
  4188 | D:6      | Noticed a fire elemental
  4275 | D:6      | Found a shimmering blue altar of Sif Muna.
  4522 | D:6      | Found a basalt altar of Yredelemnul.
  4524 | D:6      | Noticed a profane servitor
  4534 | D:6      | Found a glowing golden altar of the Shining One.
  4571 | D:6      | Found a shadowy altar of Dithmenos.
  4737 | D:7      | Reached skill level 5 in Fighting
  4737 | D:7      | Reached skill level 5 in Dodging
  4737 | D:7      | Reached skill level 6 in Unarmed Combat
  4748 | D:7      | Reached XP level 8. HP: 23/80 MP: 0/7
  5338 | D:7      | HP: 2/121 [ogre/+0 giant spiked club (19)]
  5340 | D:7      | Reached skill level 1 in Evocations
  5350 | D:7      | HP: 3/81 [gnoll sergeant/+2 vampiric trident (4)]
  5353 | D:7      | Slain by a gnoll sergeant

Illustrated notes

Levels and vault maps discovered:
D:1:      dpeg_arrival_caged_fury, layout_loops_corners,
          minmay_misc_feat_secret_circle
D:2:      kb_forest_paths, layout_basic, uniq_natasha
D:3:      layout_rooms, gammafunk_ghost_stat_death, kennysheep_generic_room_6
D:4:      layout_loops_ring, hangedman_decor_growths, st_stairs_6,
          corexii_shack, fedhas_altar_1, uniq_robin, uniq_blork_the_orc,
          uniq_crazy_yiuf_cottage
D:5:      layout_loops_ring, amethyst_overflow_temple_binary,
          gammafunk_temple_overflow_statue, nicolae_overflow_crystal_walls,
          minmay_temple_entry_overgrown, uniq_ijyb
D:6:      layout_basic, grunt_temple_overflow_holy_war,
          nicolae_qazlal_style_of_elements, grunt_dithmenos_smoke_and_mirrors,
          tgw_sif, minmay_misc_feat_columns
D:7:      layout_gridville, dk_vineyard_1
Temple:   compressed_dpeg_triangle_lava_temple

Skill      XL: |  1  2  3  4  5  6  7  8 |
---------------+-------------------------+-----
Fighting       | 3 4 5 |  5.4
Dodging        | 3 4 5 |  5.6
Unarmed Combat | 4 5 6 |  6.9
Evocations     | 1 |  1.1
Stealth        | |  1.0

Action                   |  1- 3 |  4- 6 |  7- 9 || total
-------------------------+-------+-------+-------++-------
Melee: Unarmed           |    74 |   212 |   199 ||   485
       Punch             |     1 |     3 |     7 ||    11
Evoke: Wand              |       |       |     1 ||     1
  Use: Scroll            |       |     6 |     3 ||     9
       Potion            |       |     1 |     2 ||     3
 Stab: Sleeping          |     4 |     7 |     4 ||    15
Armor: Robe              |    34 |    81 |    63 ||   178
       Skin              |       |    34 |       ||    34
Dodge: Dodged            |    32 |   133 |   122 ||   287

Table legend:
 A = Non-vault XP
 B = Vault XP
 C = Vault XP percentage of total XP
 D = Non-vault monster count
 E = Vault monster count
 F = Vault count percentage of total count
                 A         B        C        D         E       F
            +---------+---------+-------+---------+---------+-------
      Total |    1599 |     560 |  25.9 |     121 |      44 |  26.7
            +---------+---------+-------+---------+---------+-------
        D:1 |      61 |      51 |  45.5 |      27 |      15 |  35.7
        D:2 |     158 |      48 |  23.3 |      17 |       7 |  29.2
        D:3 |      68 |     215 |  76.0 |      23 |       5 |  17.9
        D:4 |      25 |     174 |  87.4 |       6 |      15 |  71.4
        D:5 |     164 |      33 |  16.8 |      15 |       1 |   6.2
        D:6 |     235 |      39 |  14.2 |       7 |       1 |  12.5
        D:7 |     888 |       0 |   0.0 |      26 |       0 |   0.0
            +---------+---------+-------+---------+---------+-------
